 Dungeon Crawl Stone Soup version 0.22.1-2-g9c5b331 (webtiles) character file.

6424 teukkam the Protected (level 10, -5/94 HPs)
             Began as a Minotaur Fighter on Nov 16, 2018.
             Was a Believer of Wu Jian.
             Slain by a basilisk (7 damage)
             ... on level 2 of the Lair of Beasts.
             The game lasted 00:42:48 (9084 turns).

teukkam the Protected (Minotaur Fighter)            Turns: 9084, Time: 00:42:50

Health: -5/94      AC: 14    Str: 24    XL:     10   Next: 67%
Magic:  9/9        EV:  8    Int: 10    God:    Wu Jian [**....]
Gold:   536        SH:  0    Dex: 13    Spells: 9/9 levels left

rFire    . . .     SeeInvis .   a - +3 quarterstaff (chaos)
rCold    . . .     Gourm    .   (shield currently unavailable)
rNeg     . . .     Faith    .   X - +0 chain mail
rPois    .         Spirit   .   (helmet restricted)
rElec    .         Reflect  .   v - +0 cloak
rCorr    .         Harm     .   (no gloves)
MR       .....                  x - +0 pair of boots
Stlth    ..........             m - amulet of regeneration
HPRegen  0.65/turn              R - +5 ring of intelligence
MPRegen  0.11/turn              W - +3 ring of dexterity

@: no status effects
A: retaliatory headbutt, horns 2
a: Wall Jump, Renounce Religion


You were on level 2 of the Lair of Beasts.
You worshipped Wu Jian.
Wu Jian was pleased with you.
You were not hungry.

You visited 3 branches of the dungeon, and saw 12 of its levels.

You collected 536 gold pieces.

Inventory:

Hand Weapons
 a - a +3 quarterstaff of chaos (weapon)
 b - a +2 shortbow of flaming
 c - a +1 mace of holy wrath
 d - a +1 dagger of holy wrath
 k - a +1 dagger of speed
 r - a +0 war axe
 B - a +2 broad axe
 L - a +1 spear of piercing
Missiles
 j - 82 bolts
 l - 129 arrows
 p - 27 poisoned needles
 U - 5 needles of sleeping
 Y - 4 steel javelins (quivered)
Armour
 s - a +0 scale mail
 v - a +0 cloak (worn)
 x - a +0 pair of boots (worn)
 M - a +1 shield
 X - a +0 chain mail (worn)
Jewellery
 m - an amulet of regeneration (around neck)
 F - an uncursed amulet of the acrobat
 O - an uncursed amulet of magic regeneration
 R - a +5 ring of intelligence (left hand)
 S - an uncursed ring of wizardry
 W - a +3 ring of dexterity (right hand)
Wands
 q - a wand of digging (11)
 w - a wand of disintegration (26)
 y - a wand of iceblast (9)
 T - a wand of acid (2)
Scrolls
 i - 8 scrolls of identify
 o - 2 scrolls of amnesia
 t - 3 scrolls of enchant weapon {unknown}
 u - 7 scrolls of remove curse
 C - a scroll of enchant armour
 E - a scroll of magic mapping
 G - 8 scrolls of teleportation
 H - a scroll of acquirement {unknown}
 I - a scroll of immolation
 N - a scroll of blinking
Potions
 e - 2 potions of lignification {unknown}
 g - 2 potions of ambrosia {unknown}
 h - 2 potions of curing {unknown}
 n - 4 potions of heal wounds
 A - 2 potions of haste
 J - a potion of invisibility {unknown}
 K - 2 potions of mutation {unknown}
 P - a potion of flight {unknown}
 Q - a potion of berserk rage {unknown}
 V - 2 potions of brilliance
 Z - a potion of might
Comestibles
 f - 13 rations
 z - a chunk of flesh


   Skills:
 + Level 10.3 Fighting
 - Level 4.3(6.7) Axes
 - Level 8.0(8.9) Polearms
 + Level 3.7(6.3) Staves
 + Level 7.8 Bows
 + Level 10.3 Armour
 - Level 5.8 Shields


You had 9 spell levels left.
You didn't know any spells.
Your spell library contained the following spells:

 Spells                   Type           Power        Failure   Level  Hunger
 Animate Skeleton         Necr           N/A          89%         1    ##.....
 Apportation              Tloc           #.....       89%         1    ##.....
 Confusing Touch          Hex            #.....       89%         1    ##.....
 Flame Tongue             Conj/Fire      #....        89%         1    ##.....
 Summon Small Mammal      Summ           #...         89%         1    ##.....
 Throw Flame              Conj/Fire      #.....       96%         2    ###....
 Conjure Flame            Conj/Fire      #.......     99%         3    ####...
 Inner Flame              Hex/Fire       #.......     99%         3    ####...
 Sticky Flame             Conj/Fire      #.......     100%        4    #####..
 Fireball                 Conj/Fire      #.........   100%        5    ######.


Dungeon Overview and Level Annotations

Branches:
Dungeon (9/15)             Temple (1/1) D:7            Lair (2/6) D:8
  Swamp: Lair:2-4    Shoals: Lair:2-4     Snake: Lair:2-4    Spider: Lair:2-4
    Orc: D:9-12

Altars:
Ashenzari
Cheibriados
Dithmenos
Fedhas
Gozag
Hepliaklqana
Kikubaaqudgha
Makhleb
Nemelex Xobeh
Okawaru
Qazlal
Ru
Sif Muna
Trog
Uskayaw
Vehumet
Wu Jian
Xom
Yredelemnul
Zin
The Shining One

Annotations:
D:6 Edmund


Innate Abilities, Weirdness & Mutations

You reflexively headbutt those who attack you in melee.
You have a pair of horns on your head.


Message History

Unknown command.
The crocodile bites you!
* * * LOW HITPOINT WARNING * * *
The basilisk bites you!
* * * LOW HITPOINT WARNING * * *
Evoke which item? (* to show all) (? for menu, Esc to quit)
Okay, then.
As you read the scroll of fear, it crumbles to dust.
You assume a fearsome visage.
The crocodile looks frightened!
The basilisk rages.
The basilisk bites you but does no damage.
You feel much better. The basilisk bites you!
* * * LOW HITPOINT WARNING * * *
You spin and attack the basilisk.
You hit the basilisk.
Space bends around the basilisk.
Your headbutt misses the basilisk.
The basilisk is severely wounded.
The basilisk bites you!!
* * * LOW HITPOINT WARNING * * *
The basilisk bites you!
You die...

##..............###
###
#...##P#.#.##..#
##..######.###..#
#P).## ### ##.#
##...# .# #..## ..
#t.## #...#####
#..#.@#P####P.
#....l........
###.####P###.# ###
#


You could see a basilisk (berserk) and a crocodile (fleeing).

Vanquished Creatures
  Urug (Lair:1)
  The ghost of emiel the Cleaver, a novice DDFi of Makhleb (D:7)
  A black mamba (Lair:2)
  Grinder (D:5)
  Prince Ribbit (D:6)
  2 wyverns (D:8)
  Menkaure (D:6)
  Duvessa (D:5)
  3 porcupines
  An acid dragon (D:8)
  2 water moccasins
  A sky beast (D:6)
  2 black bears (Lair:1)
  An orc warrior (D:7)
  6 ice beasts
  A phantom (D:6)
  An ogre (D:4)
  4 crocodiles
  4 centaurs
  3 bullfrogs
  A gnoll sergeant (D:7)
  Dowan (D:5)
  2 scorpions
  5 electric eels
  2 crimson imps
  5 orc priests
  A bullfrog zombie (D:7)
  5 quasits (D:7)
  A hound (D:7)
  A jelly (D:7)
  Crazy Yiuf (D:6)
  3 bullfrog skeletons
  2 centaur skeletons
  Jessica (D:2)
  2 iguanas (D:6)
  8 orc wizards
  2 worker ants
  A worker ant zombie (D:5)
  9 adders
  9 gnolls
  A howler monkey skeleton (D:6)
  An ooze (D:2)
  3 dart slugs
  A leopard gecko (D:1)
  11 orcs
  7 bats
  4 giant cockroaches
  4 hobgoblins
  3 jackals (D:2)
  5 kobolds
  4 quokkas
  8 ball pythons
  8 frilled lizards
  11 goblins
  2 jackal zombies
  9 rats (D:1)
182 creatures vanquished.

Vanquished Creatures (others)
  An orc wizard (D:7)
1 creature vanquished.

Grand Total: 183 creatures vanquished

Notes
Turn   | Place    | Note
-------+----------+-------------------------------------------
     0 | D:1      | teukkam the Minotaur Fighter began the quest for the Orb.
     0 | D:1      | Reached XP level 1. HP: 19/19 MP: 0/0
   149 | D:1      | Reached XP level 2. HP: 27/27 MP: 1/1
   385 | D:4      | Reached XP level 3. HP: 26/33 MP: 2/2
   597 | D:5      | Entered Level 5 of the Dungeon
   703 | D:5      | Noticed Duvessa
   703 | D:5      | Noticed Dowan
   723 | D:5      | Killed Duvessa
   723 | D:5      | Reached XP level 4. HP: 35/41 MP: 3/3
   723 | D:5      | Reached XP level 5. HP: 40/47 MP: 4/4
   734 | D:5      | Killed Dowan
   734 | D:5      | Reached skill level 5 in Fighting
   734 | D:5      | Reached skill level 5 in Armour
   734 | D:5      | Reached skill level 5 in Shields
   794 | D:5      | Found a bloodstained altar of Trog.
   816 | D:5      | Reached XP level 6. HP: 43/56 MP: 5/5
   930 | D:5      | Reached skill level 1 in Polearms
   965 | D:6      | Noticed an ice beast
   978 | D:6      | Killed an ice beast
  1064 | D:6      | Noticed a sky beast
  1125 | D:6      | Reached XP level 7. HP: 62/62 MP: 6/6
  1268 | D:6      | Noticed Prince Ribbit
  1297 | D:6      | Killed Prince Ribbit
  1297 | D:6      | Reached skill level 1 in Bows
  1480 | D:6      | Found a deep blue altar of Sif Muna.
  1609 | D:6      | Noticed Edmund
  1726 | D:5      | Noticed Grinder
  1735 | D:4      | Reached XP level 8. HP: 62/71 MP: 7/7
  2331 | D:5      | Paralysed by Grinder for 5 turns
  2340 | D:5      | Killed Grinder
  2676 | D:6      | Reached skill level 5 in Polearms
  2808 | D:6      | Found a runed door.
  2820 | D:6      | Noticed Crazy Yiuf
  2827 | D:6      | Killed Crazy Yiuf
  2958 | D:6      | Noticed Menkaure
  2968 | D:6      | Killed Menkaure
  2991 | D:5      | Found a shimmering altar of Xom.
  3102 | D:6      | Reached XP level 9. HP: 68/81 MP: 8/8
  3108 | D:6      | Found a hazy altar of Hepliaklqana.
  3172 | D:6      | Found a sparkling altar of Nemelex Xobeh.
  3340 | D:7      | Found an ancient bone altar of Kikubaaqudgha.
  3360 | D:7      | Reached skill level 5 in Bows
  3432 | D:7      | Found a shadowy altar of Dithmenos.
  3435 | D:7      | Found a staircase to the Ecumenical Temple.
  3453 | Temple   | Entered the Ecumenical Temple
  3505 | Temple   | Became a worshipper of the Wu Jian Council
  3565 | D:7      | Noticed emiel's ghost (novice DDFi)
  3578 | D:7      | Found a transporter.
  4642 | D:2      | Reached * piety under Wu Jian
  5029 | D:2      | Noticed Jessica
  5032 | D:2      | Killed Jessica
  5548 | D:3      | Found a snail-covered altar of Cheibriados.
  6102 | D:7      | Reached ** piety under Wu Jian
  6288 | D:7      | Found a transporter.
  6662 | D:8      | Noticed a dagger
  6662 | D:8      | Noticed a hand axe
  6726 | D:8      | Found a hide-covered altar of Uskayaw.
  6748 | D:8      | Found a blossoming altar of Fedhas.
  7400 | D:7      | Killed emiel's ghost
  7400 | D:7      | Reached XP level 10. HP: 61/91 MP: 9/9
  7718 | D:8      | Found a staircase to the Lair.
  7723 | Lair:1   | Entered Level 1 of the Lair of Beasts
  7943 | Lair:1   | Reached skill level 1 in Staves
  8069 | Lair:1   | Noticed Urug
  8075 | Lair:1   | Killed Urug
  8075 | Lair:1   | Reached skill level 10 in Armour
  8149 | Lair:1   | Reached skill level 10 in Fighting
  8846 | Lair:2   | Noticed a black mamba
  8849 | Lair:2   | Killed a black mamba
  8927 | Lair:2   | Noticed a spiny frog
  9084 | Lair:2   | HP: 2/94 [basilisk (21)]
  9084 | Lair:2   | Slain by a basilisk

Skill      XL: |  1  2  3  4  5  6  7  8  9 10 |
---------------+-------------------------------+-----
Armour         | 4 5 6 7 9 10 | 10.3
Fighting       | 4 5 6 7 9 10 | 10.3
Axes           | 3 4 |  4.3
Shields        | 4 5 |  5.8
Polearms       | 2 4 5 7 8 |  8.0
Bows           | 2 4 6 7 |  7.8
Staves         | 3 |  3.7

Action                   |  1- 3 |  4- 6 |  7- 9 | 10-12 || total
-------------------------+-------+-------+-------+-------++-------
Melee: War axe           |    50 |    14 |       |       ||    64
       Headbutt          |     9 |     9 |    56 |    17 ||    91
       Spear             |       |    36 |   371 |    30 ||   437
       Quarterstaff      |       |       |       |    55 ||    55
 Fire: Shortbow          |       |     2 |    70 |    38 ||   110
Throw: Javelin           |       |       |       |     1 ||     1
Invok: Whirlwind         |       |       |    39 |    31 ||    70
       Lunge             |       |       |    19 |     2 ||    21
       Wall Jump         |       |       |    12 |    15 ||    27
Evoke: Wand              |       |       |     3 |     9 ||    12
  Use: Scroll            |     5 |       |     6 |     4 ||    15
       Potion            |     1 |       |     1 |     3 ||     5
  Eat: Chunk             |       |     1 |     9 |       ||    10
       Ration            |       |       |     3 |     2 ||     5
Armor: Scale mail        |    14 |    14 |   129 |    22 ||   179
       Chain mail        |       |       |       |    36 ||    36
Dodge: Dodged            |    16 |    12 |   125 |    36 ||   189
Block: Shield            |    26 |    32 |       |       ||    58
